 Dungeon Sprint DCSS version 0.19.1-1-g22dce08 (webtiles) character file.

4101 Angani the Brawler (level 10, 0/108 (110) HPs)
             Began as a Troll Monk on Jan 19, 2017.
             Was a High Priest of Okawaru.
             Slain by a tentacle (23 damage)
             ... attached to a kraken
             ... in the Dungeon (Sprint II: "The Violet Keep of Menkaure").
             The game lasted 00:08:07 (610 turns).

Angani the Brawler (Troll Monk)                      Turns: 610, Time: 00:08:07

HP:   0/108 (110)   AC:  7    Str: 24    XL:     10   Next: 6%
MP:   14/14         EV: 15    Int:  6    God:    Okawaru [*****.]
Gold: 558           SH:  0    Dex: 12    Spells: 0 memorised, 9 levels left

rFire  . . .     SeeInvis .       - Unarmed
rCold  . . .     Gourm    +     i - +2 robe of Vines {NoDeviceHeal Regen+7}
rNeg   . . .     Faith    .     (no shield)
rPois  .         Spirit   .     (helmet restricted)
rElec  .         Reflect  .     (no cloak)
rCorr  .         Harm     .     (gloves unavailable)
MR     .....     NoTele   +     (boots unavailable)
Stlth  ++........               (no amulet)
                                (no ring)
                                (no ring)

@: very slightly contaminated
A: unfitting armour, claws 3, fast metabolism 3, gourmand, regeneration 1,
shaggy fur 1, tough skin 2
a: Heroism, Finesse, Renounce Religion


You were in the Dungeon.
You worshipped Okawaru.
Okawaru was extremely pleased with you.
You were very full.

You visited 1 branch You collected 1053 gold pieces.
You spent 495 gold pieces at shops.

Inventory:

Armour
 i - the +2 robe of Vines (worn) {NoDeviceHeal Regen+7}
   (You bought it in a shop in the Dungeon)

   It increases your rate of regeneration.
Potions
 c - a potion of curing
 d - a potion of heal wounds
 e - a potion of haste
 f - 2 potions of magic
Comestibles
 b - 2 bread rations


   Skills:
 - Level 9.8 Fighting
 - Level 9.8 Dodging
 - Level 1.0 Stealth
 - Level 15.3 Unarmed Combat
 + Level 7.3 Invocations


You had 9 spell levels left.
You didn't know any spells.

Dungeon Overview and Level Annotations

Branches:
Dungeon (1/1)

Altars:
Cheibriados
Dithmenos
Elyvilon
Fedhas
Gozag
Hepliaklqana
Kikubaaqudgha
Makhleb
Nemelex Xobeh
Okawaru
Qazlal
Ru
Sif Muna
Trog
Uskayaw
Vehumet
Xom
Yredelemnul
Zin
The Shining One
Beogh
Jiyva
Lugonu

Shops:
D =:}!!=[?((=%[?=:

Annotations:
D exclusions: oklob plant and orange crystal statue


Innate Abilities, Weirdness & Mutations

You are too large for most types of armour.
You have claws for hands.
Your metabolism is lightning-fast.
You like to eat raw meat.
Your natural rate of healing is unusually fast.
You are covered in fur. (AC +1)
You have very tough skin. (AC +2)


Message History

The tentacle barely misses you. The tentacle closely misses you.
You mangle the tentacle!!
The tentacle is heavily wounded.
The tentacle slaps you!!
You mangle the tentacle!!
You kill the tentacle!
A tentacle rises from the water!
You scratch the tentacle.
The tentacle is lightly wounded.
The tentacle slaps you!!
* * * LOW HITPOINT WARNING * * *
The tentacle misses you. The tentacle slaps you!
* * * LOW HITPOINT WARNING * * *
Found eight items.
There is an open door, spattered with blood here.
Found 59 gold pieces, a dagger and a scroll labeled QOFRAI VAFREC.
You see here a murky pink potion.
The tentacle slaps you!!
You die...

▓▓▓▓▓▓▓▓▓▓▓ ▓$$$$$?$)▓▓
#. ▓)$(![[?!▓▓ +.##.
}▓?$!?!(%=▓▓
...####▓!?)$)()$▓▓
#..##.#▓)%())$[!▓▓
+..#..#▓!?%?[!$(▓▓
#.^#..#▓[?(%?$@?▓▓
###..##.#▓$?$?$$w[▓▓
.###...##▓▓▓▓▓▓▓│▓▓▓▓+▓
...≈≈)≈≈≈≈≈≈≈≈≈≈.──Xw≈▓
...≈#†########+###ww≈≈▓
≈..≈#(†_._...#t≈≈##≈≈≈▓
§≈.≈#._._._..#t§≈≈####▓
≈≈≈≈#_._._._.#≈≈§≈≈#
≈≈≈≈#._._._._#≈≈§§≈§


You could see a kraken and 4 tentacles.

Vanquished Creatures
  A siren (D)
  A yaktaur (D)
  3 polar bears (D)
  A hornet (D)
  A blink frog (D)
  12 flying skulls (D)
  Menkaure (D)
  4 necrophages (D)
  A crocodile (D)
  4 worker ants (D)
  3 worms (D)
  3 tentacles (D)
35 creatures vanquished.

Vanquished Creatures (others)
  A crocodile (D)
  12 tentacles (D)
13 creatures vanquished.

Grand Total: 48 creatures vanquished

Notes
Turn   | Place    | Note
-------+----------+-------------------------------------------
     0 | D        | Angani the Troll Monk began the quest for the Orb.
     0 | D        | Reached XP level 1. HP: 22/22 MP: 0/0
     1 | D        | Noticed a necrophage
     1 | D        | Noticed a necrophage
     1 | D        | Noticed a necrophage
     1 | D        | Noticed a necrophage
     7 | D        | Killed a necrophage
     7 | D        | Reached skill level 6 in Unarmed Combat
     7 | D        | Reached XP level 2. HP: 32/32 MP: 1/1
     7 | D        | Reached XP level 3. HP: 39/39 MP: 2/2
     7 | D        | Reached XP level 4. HP: 48/48 MP: 3/3
    10 | D        | Killed a necrophage
    10 | D        | Reached skill level 5 in Fighting
    10 | D        | Reached skill level 5 in Dodging
    10 | D        | Reached skill level 8 in Unarmed Combat
    10 | D        | Reached XP level 5. HP: 57/57 MP: 4/4
    13 | D        | Killed a necrophage
    13 | D        | Reached skill level 9 in Unarmed Combat
    18 | D        | Killed a necrophage
    18 | D        | Reached skill level 10 in Unarmed Combat
    18 | D        | Reached XP level 6. HP: 66/66 MP: 5/5
    29 | D        | Noticed Menkaure
    65 | D        | Killed Menkaure
    70 | D        | Found a roughly hewn altar of Beogh.
    71 | D        | Found a hazy altar of Hepliaklqana.
    71 | D        | Found a snail-covered altar of Cheibriados.
    72 | D        | Found a stormy altar of Qazlal.
    72 | D        | Found a viscous altar of Jiyva.
    72 | D        | Found a shadowy altar of Dithmenos.
    73 | D        | Found a sacrificial altar of Ru.
    73 | D        | Found an ancient bone altar of Kikubaaqudgha.
    73 | D        | Found a white marble altar of Elyvilon.
    74 | D        | Found a shimmering altar of Xom.
    74 | D        | Found a deep blue altar of Sif Muna.
    74 | D        | Found a corrupted altar of Lugonu.
    75 | D        | Found a basalt altar of Yredelemnul.
    75 | D        | Found a bloodstained altar of Trog.
    75 | D        | Found a burning altar of Makhleb.
    76 | D        | Found a glowing silver altar of Zin.
    76 | D        | Found a hide-covered altar of Uskayaw.
    78 | D        | Found a glowing golden altar of the Shining One.
    78 | D        | Found a radiant altar of Vehumet.
    78 | D        | Found a blossoming altar of Fedhas.
    78 | D        | Found a sparkling altar of Nemelex Xobeh.
    79 | D        | Found an opulent altar of Gozag.
    79 | D        | Found an iron altar of Okawaru.
    86 | D        | Noticed a flying skull
    86 | D        | Noticed a flying skull
    88 | D        | Became a worshipper of Warmaster Okawaru
    88 | D        | Reached * piety under Okawaru
    88 | D        | Reached ** piety under Okawaru
   131 | D        | Reached skill level 11 in Unarmed Combat
   131 | D        | Reached XP level 7. HP: 74/75 MP: 6/6
   145 | D        | Noticed a siren
   150 | D        | Killed a siren
   150 | D        | Reached skill level 12 in Unarmed Combat
   211 | D        | Found Xakupom's Magic Scroll Emporium.
   211 | D        | Found Sokhuh's Book Emporium.
   211 | D        | Found Ofarye Numo's Antique Armour Shoppe.
   211 | D        | Found Eniesebi's Jewellery Shoppe.
   211 | D        | Found Viggev's Food Emporium.
   212 | D        | Found Exteg's Antique Weapon Shoppe.
   212 | D        | Found Ygepp's Antique Weapon Emporium.
   212 | D        | Found Xihiotzo's Magic Scroll Shoppe.
   213 | D        | Found Sistil's Antique Armour Emporium.
   213 | D        | Found Tesiehir's Jewellery Shoppe.
   213 | D        | Found Reiv's Distillery.
   214 | D        | Found Lott's Jewellery Emporium.
   214 | D        | Noticed a wyvern
   215 | D        | Found Myiran's Distillery.
   215 | D        | Found Efim's Gadget Emporium.
   215 | D        | Noticed a wyvern
   215 | D        | Noticed an oklob plant
   216 | D        | Noticed a polar bear
   216 | D        | Found Cuiciec's Jewellery Shoppe.
   216 | D        | Found Bionkasch's Book Shoppe.
   283 | D        | Noticed an iron elemental
   283 | D        | Noticed a polar bear
   291 | D        | Bought the +2 robe of Vines {NoDeviceHeal Regen+7} for 495 gold pieces
   310 | D        | Noticed a flying skull
   312 | D        | Noticed a flying skull
   312 | D        | Noticed a blink frog
   323 | D        | Killed a blink frog
   323 | D        | Reached *** piety under Okawaru
   323 | D        | Reached XP level 8. HP: 87/87 MP: 7/7
   347 | D        | Noticed a flying skull
   347 | D        | Noticed a flying skull
   347 | D        | Noticed a flying skull
   347 | D        | Noticed a flying skull
   347 | D        | Noticed a flying skull
   347 | D        | Noticed a flying skull
   347 | D        | Noticed a flying skull
   348 | D        | Noticed a flying skull
   348 | D        | Noticed a flying skull
   349 | D        | Noticed a flying skull
   359 | D        | Killed a flying skull
   359 | D        | Reached skill level 13 in Unarmed Combat
   362 | D        | Killed a flying skull
   363 | D        | Killed a flying skull
   364 | D        | Killed a flying skull
   364 | D        | Reached **** piety under Okawaru
   365 | D        | Killed a flying skull
   365 | D        | Reached skill level 14 in Unarmed Combat
   366 | D        | Killed a flying skull
   366 | D        | Reached XP level 9. HP: 97/97 MP: 5/8
   381 | D        | Reached skill level 15 in Unarmed Combat
   401 | D        | Reached ***** piety under Okawaru
   452 | D        | Noticed an orange crystal statue
   480 | D        | Noticed a polar bear
   481 | D        | Noticed a polar bear
   481 | D        | Noticed a yaktaur
   482 | D        | Noticed a polar bear
   493 | D        | Killed a polar bear
   498 | D        | Killed a polar bear
   500 | D        | Reached skill level 5 in Invocations
   502 | D        | Killed a polar bear
   506 | D        | Killed a yaktaur
   506 | D        | Reached XP level 10. HP: 33/108 MP: 7/14
   566 | D        | Noticed a kraken
   610 | D        | Slain by a tentacle

Skill      XL: |  1  2  3  4  5  6  7  8  9 |
---------------+----------------------------+-----
Fighting       | 4 5 6 8 9 |  9.8
Dodging        | 4 5 6 8 9 |  9.8
Unarmed Combat | 6 8 10 11 12 14 15 | 15.3
Invocations    | 7 |  7.3
Stealth        | |  1.0

Action                   |  1- 3 |  4- 6 |  7- 9 | 10-12 || total
-------------------------+-------+-------+-------+-------++-------
Melee: Unarmed           |     5 |    27 |    66 |    14 ||   112
       Punch             |       |     1 |     6 |       ||     7
Invok: Heroism           |       |       |     4 |       ||     4
  Use: Potion            |     1 |       |       |       ||     1
       Scroll            |       |       |       |     1 ||     1
  Eat: Chunk             |       |       |    10 |     1 ||    11
Armor: Robe              |     1 |       |    13 |       ||    14
Dodge: Dodged            |       |    10 |    47 |    12 ||    69
